 Dungeon Crawl Stone Soup version 0.29-a0-451-gfbfa42419e (webtiles) character file.

Game seed: 7568536630547484011

6 bladeefan the Skirmisher (level 1, -15/18 HPs)
             Began as a Demonspawn Chaos Knight on May 19, 2022.
             Was a Plaything of Xom.
             Killed by the air
             ... invoked by a wind drake (shapeshifter)
              (17 damage)
             ... on level 1 of the Dungeon.
             The game lasted 00:00:45 (384 turns).

bladeefan the Skirmisher (Demonspawn Chaos Knight)   Turns: 384, Time: 00:00:47

Health: -15/18     AC:  5    Str: 12    XL:     1   Next: 75%
Magic:  1/1        EV: 11    Int: 13    God:    Xom [..*...]
Gold:   16         SH:  0    Dex: 12    Spells: 0/0 levels left

rFire   . . .      SeeInvis .   a - +0 mace (chaos)
rCold   . . .      Faith    .   (no shield)
rNeg    . . .      Spirit   .   b - +2 leather armour
rPois   .          Reflect  .   (no helmet)
rElec   .          Harm     .   (no cloak)
rCorr   .          Rampage  .   (no gloves)
Will    .....                   (no boots)
Stlth   +.........              (no amulet)
HPRegen 0.06/turn               (no ring)
MPRegen 0.07/turn               (no ring)

@: hasted, very quick
A: no striking features
a: Renounce Religion


You were on level 1 of the Dungeon.
You worshipped Xom.
You were a toy of Xom.
You visited 1 branch of the dungeon, and saw 1 of its levels.

You collected 16 gold pieces.

Inventory:

Hand Weapons
 a - a +0 mace of chaos (weapon)
Armour
 b - a +2 leather armour (worn)
Miscellaneous
 c - a piece from Xom's chessboard (15/15) (quivered)


   Skills:
 * Level 3.1 Fighting
 + Level 2.7 Maces & Flails
 + Level 1.9 Armour
 + Level 1.0 Dodging


You couldn't memorise any spells.
You didn't know any spells.
Your spell library was empty.

Dungeon Overview and Level Annotations

Branches:
Dungeon (1/15)

Altars:


Message History

No target in view!
Found a hand crossbow.
A dart slug is nearby!
A dart slug is nearby!
A dart slug is nearby!
The dart slug closely misses you.
You hit the dart slug.
The dart slug changes into a shapeshifter!
Xom thinks this is hilarious! "Go forth and destroy!"
You feel better.
The shapeshifter changes into a wind drake!
You hit the wind drake but do no damage.
The wind drake is poisoned.
The wind drake begins repelling missiles!
You hit the wind drake. You freeze the wind drake.
The wind drake barely misses you. The wind drake flaps its wings at you.
The air twists around and strikes you!
Ouch! That really hurt!
* * * LOW HITPOINT WARNING * * *
What are your orders? t - Shout!
Orders for allies: a - Attack new target. r - Retreat! s - Stop attacking. g - Guard the area. f - Follow me.
Anything else - Cancel.
Okay, then.
Hit: a) +0 mace (chaos)
Aim: a wind drake shaped shifter (moderately wounded, repelling missiles, very poisoned, about 54% to evade your +0 mace of chaos)
You barely miss the wind drake. The wind drake misses you.
Hit: a) +0 mace (chaos)
Aim: a wind drake shaped shifter (moderately wounded, repelling missiles, very poisoned, about 54% to evade your +0 mace of chaos)
You hit the wind drake.
You feel better.
The wind drake exhales a fierce blast of wind!
The wind drake bites you.
* * * LOW HITPOINT WARNING * * *
You hear a bark!
Okay, then.
As you read the scroll labelled QAEZAN RO FESMUCH, it crumbles to dust.
It is a scroll of amnesia.
You feel forgetful for a moment.
The wind drake exhales a fierce blast of wind!
You hear a bark!
It was a potion of haste.
You feel yourself speed up. The wind drake flaps its wings at you.
The air twists around and strikes you!
Ouch! That really hurt!
You die...
Xom bursts into laughter!

.........###
#.#......###########
##.....###
#.#.................
........
#.##....÷###########
........
#.#.................
...≈≈≈.
#.#......###########
≈≈≈≈≈
#.#......###########
#.#.................
#.#.####............
######)#@####...†........
.......k.................
######.#!####............
#.#.# #............ ..#.#
#............ ####.#
#............ #.#
#............ #.#
#............ #.#
#............


You could see a wind drake shaped shifter (repels missiles, poisoned, catching
breath).

Vanquished Creatures
  An endoplasm (D:1)
  A hobgoblin (D:1)
  2 quokkas (D:1)
  A frilled lizard (D:1)
5 creatures vanquished.

Notes
Turn   | Place    | Note
-------+----------+-------------------------------------------
     0 | D:1      | bladeefan the Demonspawn Chaos Knight began the quest for
                  | the Orb.
     0 | D:1      | Reached XP level 1. HP: 18/18 MP: 1/1
   132 | D:1      | Reached skill level 1 in Dodging
   133 | D:1      | XOM: silly message
   305 | D:1      | XOM: divination: detect creatures
   377 | D:1      | Noticed a shapeshifter
   377 | D:1      | a dart slug changed into a shapeshifter
   377 | D:1      | XOM: potion effect (curing)
   377 | D:1      | Noticed a wind drake
   377 | D:1      | a shapeshifter changed into a wind drake
   384 | D:1      | Killed from afar by a wind drake (shapeshifter)

Illustrated notes

Levels and vault maps discovered:
D:1:      nzn_arrival_depleted_hourglass, layout_basic

Skill      XL: |  1 |
---------------+----+-----
Dodging        | 1 |  1.0
Fighting       | |  3.1
Maces & Flails | |  2.7
Armour         | |  1.9

Action                   || total
-------------------------++-------
Melee: Mace              ||    22
       Punch             ||     2
  Use: Scroll            ||     1
       Potion            ||     1
Armor: Leather armour    ||     2
Dodge: Dodged            ||    12

Table legend: (Time is in decaauts)
 A = Elapsed time spent in this place.
 B = Non-inter-level travel time spent in this place.
 C = Inter-level travel time spent in this place.
 D = Time resting spent in this place.
 E = Time spent auto-exploring this place.
 F = Levels seen in this place.
 G = Mean time per level.
                   A        B        C        D        E       F      G
               +--------+--------+--------+--------+--------+-----+--------+
         Total |    390 |    390 |      0 |      0 |    333 |   1 |  390.0 |
       Dungeon |    390 |    390 |      0 |      0 |    333 |   1 |  390.0 |
               +--------+--------+--------+--------+--------+-----+--------+

Top non-repeatable levels by time:
     D:1: 390 daAuts
